 Dungeon Crawl Stone Soup version 0.20.1-1-g8b1a95d (webtiles) character file.

2709 lorenzova the Thaumaturge (level 9, -3/45 HPs)
             Began as a Deep Elf Conjurer on Sept 28, 2017.
             Was an Initiate of Vehumet.
             Slain by Shutra's ghost (11 damage)
             ... on level 7 of the Dungeon.
             The game lasted 00:20:47 (7881 turns).

lorenzova the Thaumaturge (Deep Elf Conjurer)       Turns: 7881, Time: 00:20:47

Health: -3/45      AC:  5    Str:  5    XL:     9   Next: 39%
Magic:  23/35      EV: 13    Int: 24    God:    Vehumet [......]
Gold:   384        SH:  0    Dex: 15    Spells: 19/30 levels left

rFire    . . .     SeeInvis .   f - +2 dagger (freeze)
rCold    . . .     Gourm    .   (no shield)
rNeg     . . .     Faith    .   a - +0 robe
rPois    .         Spirit   .   (no helmet)
rElec    .         Reflect  .   (no cloak)
rCorr    .         Harm     .   (no gloves)
MR       +....                  n - +2 pair of boots
Stlth    ++........             (no amulet)
Regen    0.2/turn               p - ring of magical power
MPRegen  0.3/turn               q - ring of protection from magic

@: no status effects
A: no striking features
a: Renounce Religion


You were on level 7 of the Dungeon.
You worshipped Vehumet.
Vehumet was noncommittal.
You were not hungry.

You visited 2 branches of the dungeon, and saw 8 of its levels.

You collected 384 gold pieces.

Inventory:

Hand Weapons
 f - a +2 dagger of freezing (weapon)
 w - the +7 Singing Sword
   (You found it on level 4 of the Dungeon)
Armour
 a - a +0 robe (worn)
 n - a +2 pair of boots (worn)
Jewellery
 p - a ring of magical power (left hand)
 q - a ring of protection from magic (right hand)
 y - an uncursed ring of ice
Scrolls
 d - a scroll of magic mapping {unknown}
 e - 3 scrolls of amnesia {unknown}
 h - 2 scrolls of identify
 i - 2 scrolls of blinking {unknown}
 j - 4 scrolls of enchant armour {unknown}
 k - a scroll of teleportation {unknown}
 m - a scroll of noise {unknown}
 r - a scroll of immolation {unknown}
 s - 2 scrolls of enchant weapon {unknown}
 t - 3 scrolls of remove curse {unknown}
 A - a scroll of brand weapon {unknown}
 G - a scroll of torment {unknown}
Potions
 g - 6 potions of curing
 l - a potion of resistance
 u - a potion of heal wounds
 v - 2 potions of ambrosia
 x - 2 potions of might
 z - 2 potions of mutation
 C - a potion of invisibility {unknown}
 E - a potion of cancellation {unknown}
 F - 3 potions of flight {unknown}
Books
 b - a book of Conjurations

   Spells                             Type                      Level
   a - Magic Dart                     Conjuration                  1
   b - Searing Ray                    Conjuration                  2
   c - Dazzling Spray                 Conjuration/Hexes            3
   d - Fulminant Prism                Conjuration/Hexes            4
   e - Force Lance                    Conjuration/Translocation    4
   f - Iskenderun's Mystic Blast      Conjuration                  4
 B - a Young Poisoner's Handbook

   Spells                             Type                      Level
   a - Sting                          Conjuration/Poison           1
   b - Poisonous Vapours              Poison/Air                   2
   c - Mephitic Cloud                 Conjuration/Poison/Air       3
   d - Olgreb's Toxic Radiance        Poison                       4
   e - Venom Bolt                     Conjuration/Poison           5
Comestibles
 c - 5 bread rations
 o - 4 meat rations
 D - a royal jelly
 H - a chunk of flesh


   Skills:
 - Level 2.4 Dodging
 - Level 2.4 Stealth
 * Level 11.3 Spellcasting
 * Level 10.3 Conjurations
 + Level 5.6 Hexes


You had 19 spell levels left.
You knew the following spells:

 Your Spells              Type           Power        Failure   Level  Hunger
a - Magic Dart            Conj           ####         1%          1    None
b - Fulminant Prism       Conj/Hex       ######....   1%          4    None
c - Iskenderun's Mystic   Conj           ######..     1%          4    None
s - Searing Ray           Conj           ######       1%          2    None


Dungeon Overview and Level Annotations

Branches:
Dungeon (7/15)             Temple (1/1) D:7

Altars:
Ashenzari
Cheibriados
Fedhas
Gozag
Hepliaklqana
Kikubaaqudgha
Makhleb
Nemelex Xobeh
Okawaru
Qazlal
Ru
Sif Muna
Trog
Uskayaw
Vehumet
Xom
Yredelemnul
Zin

Annotations:
D:7 Shutra's ghost, novice HuGl


Message History

Aiming: Searing Ray
Press: ? - help, Shift-Dir - straight line, f/p - Shutra's ghost
Aim: Shutra's ghost, wielding a weapon of chaos (severely damaged)
The searing ray hits Shutra's ghost.
Shutra's ghost is severely damaged. (Press . to maintain the ray.) Shutra's ghost hits you!
The searing ray misses Shutra's ghost.
Shutra's ghost hits you! Shutra's ghost burns you.
* * * LOW HITPOINT WARNING * * *
The searing ray hits Shutra's ghost.
Shutra's ghost is severely damaged.
Shutra's ghost hits you.
* * * LOW HITPOINT WARNING * * *
You are confused.
Shutra's ghost barely misses you.
You're too confused to cast spells.
You feel less confused. Shutra's ghost hits you!
You die...

#.......######
#............####
#......#####.....
##....## ######
#...### ## ##
##.....# #.
.###########
##.####.## ##
...........#####..#
#..#
##########......@##
##.#
#######W######.#
#............#
#.#.#.#.#.#..#
#...........##
##.#.......#.#
#............#
#..#...>...#.#
#............##


You could see Shutra's ghost.

Vanquished Creatures
  2 ice beasts
  An orc warrior (D:6)
  A sky beast (D:7)
  7 ogres
  2 bullfrogs
  6 killer bees (D:7)
  5 scorpions
  A crimson imp (D:5)
  A bullfrog zombie (D:5)
  A centaur zombie (D:5)
  2 bullfrog skeletons
  4 hounds
  A jelly (D:6)
  2 orc priests
  2 iguanas
  7 orc wizards
  3 worker ants
  A killer bee zombie (D:7)
  4 hound skeletons
  A worker ant zombie (D:5)
  A howler monkey skeleton (D:6)
  8 gnolls
  12 adders
  2 shadow imps
  An ooze (D:6)
  An adder zombie (D:5)
  3 worms
  2 dart slugs
  6 leopard geckos
  22 orcs
  2 ball pythons
  6 giant cockroaches
  13 goblins
  5 hobgoblins
  4 jackals
  6 kobolds
  3 quokkas
  4 bats
  5 frilled lizards
  A leopard gecko skeleton (D:5)
  A quokka skeleton (D:6)
  4 rats
166 creatures vanquished.

Vanquished Creatures (others)
  3 fulminant prisms
3 creatures vanquished.

Grand Total: 169 creatures vanquished

Notes
Turn   | Place    | Note
-------+----------+-------------------------------------------
     0 | D:1      | lorenzova the Deep Elf Conjurer began the quest for the Orb.
     0 | D:1      | Reached XP level 1. HP: 10/10 MP: 6/6
   348 | D:1      | Reached XP level 2. HP: 15/15 MP: 5/8
   426 | D:1      | Learned a level 2 spell: Searing Ray
  1179 | D:2      | Reached skill level 4 in Spellcasting
  1179 | D:2      | Reached skill level 5 in Conjurations
  1179 | D:2      | Reached XP level 3. HP: 16/19 MP: 3/10
  1338 | D:2      | Found a shimmering altar of Xom.
  1340 | D:2      | Found a bloodstained altar of Trog.
  1728 | D:2      | Found a hide-covered altar of Uskayaw.
  1960 | D:2      | Found a deep blue altar of Sif Muna.
  2139 | D:3      | Reached XP level 4. HP: 24/24 MP: 6/12
  2224 | D:3      | Learned a level 4 spell: Iskenderun's Mystic Blast
  2370 | D:3      | Reached skill level 5 in Spellcasting
  2588 | D:3      | Reached XP level 5. HP: 28/28 MP: 7/14
  2645 | D:3      | Noticed an ice beast
  2710 | D:3      | Killed an ice beast
  2710 | D:3      | Reached skill level 6 in Spellcasting
  2911 | D:3      | Reached XP level 6. HP: 32/32 MP: 17/17
  3015 | D:3      | Learned a level 4 spell: Fulminant Prism
  3661 | D:4      | Reached skill level 7 in Spellcasting
  3664 | D:4      | Reached XP level 7. HP: 36/36 MP: 15/19
  3956 | D:4      | Reached skill level 1 in Hexes
  4078 | D:4      | Reached skill level 8 in Spellcasting
  4637 | D:5      | Entered Level 5 of the Dungeon
  4703 | D:5      | Reached XP level 8. HP: 41/41 MP: 22/22
  5059 | D:5      | Reached skill level 9 in Spellcasting
  5911 | D:6      | Found a snail-covered altar of Cheibriados.
  5948 | D:6      | Reached skill level 10 in Spellcasting
  6199 | D:6      | Reached skill level 5 in Hexes
  6199 | D:6      | Reached XP level 9. HP: 45/45 MP: 15/25
  7086 | D:7      | Reached skill level 10 in Conjurations
  7226 | D:7      | Found a staircase to the Ecumenical Temple.
  7255 | Temple   | Entered the Ecumenical Temple
  7484 | Temple   | Became a worshipper of Vehumet
  7530 | D:7      | Reached skill level 11 in Spellcasting
  7716 | D:7      | Found an iron altar of Okawaru.
  7868 | D:7      | Noticed Shutra's ghost (novice HuGl)
  7881 | D:7      | Slain by Shutra's ghost

Skill      XL: |  1  2  3  4  5  6  7  8  9 |
---------------+----------------------------+-----
Spellcasting   | 4 5 6 7 8 10 11 | 11.3
Conjurations   | 5 6 7 8 9 10 | 10.3
Hexes          | 2 5 |  5.6
Dodging        | |  2.4
Stealth        | |  2.4

Action                   |  1- 3 |  4- 6 |  7- 9 || total
-------------------------+-------+-------+-------++-------
Melee: Dagger            |     3 |     1 |     3 ||     7
 Cast: Magic Dart        |    66 |    83 |   180 ||   329
       Searing Ray       |     1 |     7 |     9 ||    17
       Iskenderun's Myst |       |     1 |    55 ||    56
       Fulminant Prism   |       |       |     3 ||     3
  Use: Scroll            |       |     3 |     3 ||     6
 Stab: Sleeping          |     1 |     1 |       ||     2
  Eat: Chunk             |     3 |     5 |    13 ||    21
       Fruit             |       |       |     2 ||     2
Armor: Robe              |     2 |     2 |    12 ||    16
Dodge: Dodged            |     8 |    10 |    53 ||    71
       Rpst.: Double sword |       |       |     2 ||     2
